 Dungeon Crawl Stone Soup version 0.31-a0-876-gfe8ebadbca (webtiles) character file.

Game seed: 5743544558438589264

74 LeprechaunX the Changeling (level 4, 0/29 HPs)
             Began as an Octopode Shapeshifter on Oct 14, 2023.
             Slain by Natasha (8 damage)
             ... on level 2 of the Dungeon.
             The game lasted 00:01:06 (1273 turns).

LeprechaunX the Changeling (Octopode Shapeshifter)  Turns: 1273, Time: 00:01:09

Health: 0/29       AC:  1    Str: 15    XL:     4   Next: 28%
Magic:  13/13      EV: 13    Int: 12    God:
Gold:   59         SH:  0    Dex: 11    Spells: 3/3 levels left

rFire   . .          .
                       - Unarmed
rCold   . . .        (no shield)
rNeg    . . .        (helmet currently unavailable)
rPois   .            (no amulet)
rElec   .            n - ring of magical power
rCorr   .            (no ring)
SInv    .            (no ring)
Will    .....        (no ring)
Stlth   ++           (no ring)
HPRegen 0.24/turn    (no ring)
MPRegen 0.13/turn    (no ring)
                     (no ring)

%: no passive effects
@: beast-form, slowed, very slow
A: beast (slay +2), almost no armour, amphibious, 8 rings, camouflage 1,
gelatinous body 1, (nimble swimmer 1), tentacles
a: Begin Untransformation


You were on level 2 of the Dungeon.
You were a hulking beast.
You visited 1 branch of the dungeon, and saw 2 of its levels.

You collected 59 gold pieces.

Inventory:

Missiles
 l - 5 javelins
Jewellery
 n - a ring of magical power (left tentacle)
Talismans
 b - a beast talisman (active)
 c - a flux talisman
Scrolls
 d - a scroll of blinking {unknown}
 f - a scroll of identify {unknown}
 g - a scroll of teleportation {unknown}
 h - a scroll of vulnerability {unknown}
 k - a scroll of butterflies {unknown}
Potions
 a - a potion of lignification
 e - a potion of degeneration {unknown}
 i - 2 potions of attraction {unknown}
 j - a potion of resistance {unknown}
 m - a potion of haste {unknown}
 o - a potion of enlightenment {unknown}
 p - a potion of curing {unknown}


   Skills:
 + Level 1.9 Fighting
 + Level 2.5 Dodging
 + Level 3.4 Unarmed Combat
 * Level 3.7 Shapeshifting


You had 3 spell levels left.
You didn't know any spells.
Your spell library was empty.

Dungeon Overview and Level Annotations

Branches:
Dungeon (2/15)

Altars:
Uskayaw

Annotations:
D:2 Natasha


Innate Abilities, Weirdness & Mutations

You are a hulking beast.
Your limbs bulge with bestial killing power. (Slay +2)
You cannot wear most types of armour.
You are amphibious.
You can wear up to eight rings at the same time.
Your skin changes colour to match your surroundings (Stealth+).
Your rubbery body absorbs attacks. (AC +1, EV +1)
((You are camouflaged when in or above water. (Stealth+)))
You have tentacles for arms and can constrict up to eight enemies at once.


Message History

Natasha stares at you and mumbles some strange words.
The magic dart hits you.
You tentacle-slap Natasha. Your grab misses Natasha.
Natasha is lightly wounded.
Natasha claws you. Natasha closely misses you.
You tentacle-slap Natasha. Your grab misses Natasha.
Your squeeze misses Natasha.
Natasha is heavily wounded.
Natasha casts a spell at you. The magic dart hits you!
You are too injured to fight recklessly!
You are too injured to fight recklessly!
You are too injured to fight recklessly!
You are too injured to fight recklessly!
You are too injured to fight recklessly!
You are too injured to fight recklessly!
You are too injured to fight recklessly!
You are too injured to fight recklessly!
You are too injured to fight recklessly!
You are too injured to fight recklessly!
You are too injured to fight recklessly!
You are too injured to fight recklessly!
You are too injured to fight recklessly!
You are too injured to fight recklessly!
You are too injured to fight recklessly!
You are too injured to fight recklessly!
Unknown command.
You tentacle-slap Natasha but do no damage.
Your grab misses Natasha.
Natasha is heavily wounded.
Natasha casts a spell at you. The magic dart hits you.
* * * LOW HITPOINT WARNING * * *
You closely miss Natasha. Your grab misses Natasha.
Natasha is heavily wounded.
Natasha mumbles some strange words.
You feel disoriented. Natasha barely misses you. Natasha claws you!
You die...
Natasha curls up and begins to purr.

. #........#
#.##.......### #.#
#.......#####.....
####...## #.##.# #...#
#.##?# #...# ####$##.# #
####...###.....#.# .#
.........).....#.##.###.
................hh......
....................###.
####...###.....#.##.#
#....# #####.#[# #
#....# #...# #
###...<### #..## .###
.........# #..##.....
.........# #......#
.........# ##.##.####


You could see Natasha.

Vanquished Creatures
  Natasha (D:2)
  A gnoll (D:1)
  An adder (D:2)
  4 ball pythons (D:1)
  5 bats
  An endoplasm (D:1)
  A giant cockroach (D:1)
  5 goblins (D:1)
  A hobgoblin (D:1)
  2 jackals (D:1)
  3 kobolds (D:1)
  2 quokkas (D:1)
  2 frilled lizards (D:1)
  2 rats
31 creatures vanquished.

Notes
Turn   | Place    | Note
-------+----------+-------------------------------------------
     0 | D:1      | LeprechaunX the Octopode Shapeshifter began the quest for
                  | the Orb.
     0 | D:1      | Reached XP level 1. HP: 13/13 MP: 1/1
   107 | D:1      | Reached XP level 2. HP: 15/18 MP: 2/2
   289 | D:1      | Reached XP level 3. HP: 12/23 MP: 3/3
   788 | D:1      | Found a faded altar of an unknown god.
   867 | D:2      | Noticed Natasha
   872 | D:2      | Killed Natasha
   873 | D:2      | Reached XP level 4. HP: 27/29 MP: 4/4
   879 | D:2      | Found a hide-covered altar of Uskayaw.
  1265 | D:2      | Noticed Natasha
  1273 | D:2      | Slain by Natasha

Illustrated notes

Levels and vault maps discovered:
D:1:      psy_arrival_fountain, layout_loops_ring, ebering_ecumenical_altar_box,
          serial_forest, infiniplex_forest_diagonal, infiniplex_forest_diagonal,
          infiniplex_forest_end_3, infiniplex_forest_clump_medium,
          minmay_shallow_snake_nest
D:2:      layout_loops_cross, basic_altar, kennysheep_generic_room_9,
          uniq_natasha

Action                     |  1- 3 |  4- 6 || total
---------------------------+-------+-------++-------
  Melee: Unarmed           |    53 |    10 ||    63
         Constrict         |    12 |     2 ||    14
         Tentacles         |     6 |     1 ||     7
         Punch             |     1 |       ||     1
   Stab: Sleeping          |     4 |     2 ||     6
 Armour: Skin              |    21 |     7 ||    28
  Dodge: Dodged            |    32 |     5 ||    37

Table legend: (Time is in decaauts)
 A = Elapsed time spent in this place.
 B = Non-inter-level travel time spent in this place.
 C = Inter-level travel time spent in this place.
 D = Time resting spent in this place.
 E = Time spent auto-exploring this place.
 F = Levels seen in this place.
 G = Mean time per level.
                   A        B        C        D        E       F      G
               +--------+--------+--------+--------+--------+-----+--------+
         Total |   1271 |   1206 |     65 |      0 |   1011 |   2 |  635.5 |
       Dungeon |   1271 |   1206 |     65 |      0 |   1011 |   2 |  635.5 |
               +--------+--------+--------+--------+--------+-----+--------+

Top non-repeatable levels by time:
     D:1: 864 daAuts
     D:2: 407 daAuts
